 Dungeon Crawl Stone Soup version 0.27.1-3-gb3d3a73c9e (webtiles) character file.

Game seed: 13592653308065389431

23 muata the Insei (level 2, 21/21 HPs)
             Began as a Demonspawn Transmuter on Oct 28, 2021.
             Quit the game on level 1 of the Dungeon.
             The game lasted 00:03:12 (995 turns).

muata the Insei (Demonspawn Transmuter)              Turns: 995, Time: 00:03:12

Health: 21/21      AC:  2    Str: 10    XL:     2   Next: 75%
Magic:  4/5        EV: 12    Int: 14    God:
Gold:   25         SH:  4    Dex: 13    Spells: 2/5 levels left

rFire    . . .     SeeInvis .   c - +0 whip
rCold    . . .     Faith    .   (no shield)
rNeg     . . .     Spirit   .   a - +0 robe
rPois    .         Reflect  .   (helmet currently unavailable)
rElec    .         Harm     .   (no cloak)
rCorr    .         Rampage  .   (no gloves)
Will     .....                  (boots currently unavailable)
Stlth    +.........             (no amulet)
HPRegen  0.07/turn              (no ring)
MPRegen  0.09/turn              (no ring)

@: appendages (expiring)
A: horns 2, talons 2, condensation shield
a: End Transformation


You were on level 1 of the Dungeon.
You had temporarily grown beastly horns and talons.
You visited 1 branch of the dungeon, and saw 1 of its levels.

You collected 25 gold pieces.

Inventory:

Hand Weapons
 c - a +0 whip (weapon)
Armour
 a - a +0 robe (worn)
Scrolls
 d - a scroll of immolation {unknown}
 h - a scroll of identify {unknown}
 i - a scroll of enchant weapon {unknown}
Potions
 b - a potion of heal wounds {unknown}
 e - a potion of resistance {unknown}
 f - a potion of degeneration {unknown}
 g - a potion of attraction {unknown}
 j - a potion of berserk rage {unknown}


   Skills:
 + Level 1.1 Fighting
 - Level 0.3 Maces & Flails
 + Level 2.0 Dodging
 + Level 3.2 Unarmed Combat
 + Level 2.1 Spellcasting
 + Level 1.8 Transmutations


You had 2 spell levels left.
You knew the following spells:

 Your Spells              Type           Power      Damage    Failure   Level
a - Beastly Appendage     Tmut           12%        N/A       11%         1
b - Wereblood             Tmut           6%         N/A       16%         2

Your spell library contained the following spells:

 Spells                   Type           Power      Damage    Failure   Level
 Spider Form              Tmut/Pois      2%         N/A       43%         3
 Ice Form                 Ice/Tmut       4%         N/A       85%         4


Dungeon Overview and Level Annotations

Branches:
Dungeon (1/15)

Altars:


Innate Abilities, Weirdness & Mutations

You have temporarily grown beastly horns and talons.
A meltable shield of frost defends you. (SH +4)


Message History

The ball python constricts you. The ball python closely misses you.
The ball python constricts you.
You closely miss the ball python. The ball python closely misses you.
The ball python constricts you.
You hit the ball python.
The ball python is moderately wounded.
The ball python bites you. The ball python constricts you.
You hit the ball python.
You kill the ball python!
You now have 25 gold pieces (gained 12).
You enter the shallow water.
Moving in this stuff is going to be slow.
You enter the shallow water.
Moving in this stuff is going to be slow.
Found a yellow potion.
You enter the shallow water.
Moving in this stuff is going to be slow.
j - a yellow potion
Found a stone staircase leading down.
A rat and a goblin come into view.
Casting: Beastly Appendage (safe; 11% risk of failure)
Confirm with . or Enter, or press ? or * to list all spells.
You grow a pair of large bovine horns.
Your feet morph into talons.
You closely miss the rat. You claw the rat.
You kill the rat!
The goblin hits you with a +0 club.
You closely miss the goblin. Your kick misses the goblin.
The goblin closely misses you.
You barely miss the goblin. Your headbutt misses the goblin.
Your transformation is almost over.
You block the goblin's attack.
You closely miss the goblin. Your kick misses the goblin.
You headbutt the goblin.
The goblin is heavily wounded.
The goblin barely misses you.
You hit the goblin.
You kill the goblin!
Okay, then.
Okay, then.
Are you sure you want to abandon this character and quit the game? (Confirm with "yes".)

#..≈.≈..#♣
#..≈≈≈..≈≈≈
#.#..≈≈≈≈≈.≈
#.#.#≈≈≈≈...
#.#≈#..≈.♣.≈
#......≈#≈≈.
#..###..###
.########..#
.##
......†@...#
......)....#
.......>.###
.#######.#
#.# ... ..^
#...#


There were no monsters in sight!

Vanquished Creatures
  3 bats (D:1)
  3 endoplasms (D:1)
  3 goblins (D:1)
  A hobgoblin (D:1)
  2 kobolds (D:1)
  2 quokkas (D:1)
  2 ball pythons (D:1)
  A frilled lizard (D:1)
  6 rats (D:1)
23 creatures vanquished.

Notes
Turn   | Place    | Note
-------+----------+-------------------------------------------
     0 | D:1      | muata the Demonspawn Transmuter began the quest for the
                  | Orb.
     0 | D:1      | Reached XP level 1. HP: 15/15 MP: 3/3
   307 | D:1      | Reached skill level 3 in Unarmed Combat
   307 | D:1      | Gained mutation: A meltable shield of frost defends you.
                  | (SH +4) [demonic ancestry]
   307 | D:1      | Reached XP level 2. HP: 21/21 MP: 3/5
   472 | D:1      | Learned a level 2 spell: Wereblood
   995 | D:1      | Quit the game

Illustrated notes

Levels and vault maps discovered:
D:1:      dpeg_arrival_tiny_a, layout_loops_ring, chequers_serial_rivers_marsh

Skill      XL: |  1 |
---------------+----+-----
Dodging        | 2 |  2.0
Unarmed Combat | 3 |  3.2
Fighting       | |  1.1
Maces & Flails | |  0.3
Spellcasting   | |  2.1
Transmutations | |  1.8

Action                   || total
-------------------------++-------
Melee: Whip              ||    65
       Unarmed           ||     3
       Kick              ||     6
       Headbutt          ||     7
 Cast: Beastly Appendage ||     6
Armor: Robe              ||    13
Dodge: Dodged            ||    35
Block: Other             ||    10
